 Dungeon Crawl Stone Soup version 0.30-b1-5-g8e6c1be481 (webtiles) character file.

Game seed: 1289681407806842407

102 ChrisAssaf the Sneak (level 5, -2/39 HPs)
             Began as a Human Brigand on May 4, 2023.
             Was a Believer of Kikubaaqudgha.
             Succumbed to an orc wizard's poison
             ... on level 3 of the Dungeon.
             The game lasted 00:09:41 (2556 turns).

ChrisAssaf the Sneak (Human Brigand)                Turns: 2556, Time: 00:09:41

Health: -2/39      AC:  3    Str: 11    XL:     5   Next: 6%
Magic:  2/6        EV: 12    Int: 13    God:    Kikubaaqudgha [**....]
Gold:   119        SH:  0    Dex: 15    Spells: 1/5 levels left

rFire   . . .        a - +3 dagger
rCold   . . .        (no shield)
rNeg    . . .        b - +0 robe
rPois   .            (no helmet)
rElec   .            c - +0 cloak
rCorr   .            (no gloves)
SInv    .            (no boots)
Will    .....        (no amulet)
Stlth   +++          (no ring)
HPRegen 0.26/turn    (no ring)
MPRegen 0.10/turn

%: no passive effects
@: lethally poisoned (-2 -> -15)
A: no striking features
a: Renounce Religion, Unearth Wretches


You were on level 3 of the Dungeon.
You worshipped Kikubaaqudgha.
Kikubaaqudgha was pleased with you.
You visited 1 branch of the dungeon, and saw 3 of its levels.

You collected 119 gold pieces.

Inventory:

Hand Weapons
 a - a +3 dagger (weapon)
Missiles
 d - 14 poisoned darts
 e - 3 curare-tipped darts
Armour
 b - a +0 robe (worn)
 c - a +0 cloak (worn)
Scrolls
 f - 2 scrolls of identify
Potions
 g - a potion of flight {unknown}
 h - a potion of mutation {unknown}
 i - a potion of might {unknown}
 k - a potion of heal wounds


   Skills:
 * Level 2.3 Fighting
 * Level 2.3 Short Blades
 * Level 2.2 Throwing
 * Level 1.0 Armour
 * Level 1.5 Dodging
 * Level 4.7 Stealth
 * Level 0.9 Spellcasting
 * Level 0.9 Necromancy
 * Level 0.3 Air Magic
 * Level 0.5 Poison Magic


You had one spell level left.
You knew the following spells:

 Your Spells              Type           Power      Damage    Failure   Level
a - Necrotise             Necr           12%        1d4       21%         1
b - Cigotuvi's Dreadful   Necr/Pois/Air  4%         N/A       34%         2
c - Sting                 Tmut/Pois      4%         1d3       26%         1

Your spell library contained the following spells:

 Spells                   Type           Power      Damage    Failure   Level
 Sublimation of Blood     Necr           3%         N/A       30%         2
 Poisonous Vapours        Pois/Air       2%         N/A       36%         2
 Animate Dead             Necr           3%         N/A       89%         4
 Olgreb's Toxic Radiance  Pois           1%         N/A       93%         4
 Malign Gateway           Summ/Tloc      0%         N/A       100%        7
 Summon Horrible Things   Summ           0%         N/A       100%        8


Dungeon Overview and Level Annotations

Branches:
Dungeon (3/15)

Altars:
Kikubaaqudgha
Yredelemnul


Message History

You feel very sick.
The orc wizard points at you and mumbles some strange words.
You are confused.
You bump into the rock wall.
You feel sick.
You feel sick.
The orc wizard hits you with a +0 dagger of venom.
You are more poisoned.
The orc hits you from afar with a +0 trident!
* * * LOW HITPOINT WARNING * * *
You bump into the rock wall.
* * * LOW HITPOINT WARNING * * *
You feel very sick.
The orc wizard hits you with a +0 dagger of venom.
* * * LOW HITPOINT WARNING * * *
You are more poisoned.
The orc hits you from afar with a +0 trident.
* * * LOW HITPOINT WARNING * * *
It was a potion of heal wounds.
You feel much better.
You feel very sick.
The orc wizard hits you with a +0 dagger of venom.
You are more poisoned.
The orc misses you.
The orc wizard attacks as you move away!
The orc wizard barely misses you.
* * * LOW HITPOINT WARNING * * *
You feel very sick.
The orc wizard looks more healthy.
You're too confused to cast spells.
You're too confused to cast spells.
Unknown command.
* * * LOW HITPOINT WARNING * * *
You feel very sick.
You see here a +0 mace.
You feel less confused.
* * * LOW HITPOINT WARNING * * *
You feel very sick.
The orc wizard attacks as you move away!
The orc wizard barely misses you.
You die...
Kikubaaqudgha rasps: "You have failed me!
Welcome... death!"

#.#.###.....<.o .o
#.# #.............
.. #.#
###.........o###.#
#.#
###........o§..#
#.#
#.....#...§§...###
#.#
#....oK§§§§.....
#.#
#.#.#.##§§$.?###
#.# #
#.#############
#.#
#.)o.oo.@.....#
#.#
#############.#
#.# #....##.###.##
#.##..).#....#
#.#########.##
#.#########.##
#............#
##############


You could see an orc wizard and 2 orcs.

Vanquished Creatures
  An orc priest (D:3)
  An adder (D:2)
  2 dart slugs (D:2)
  4 ball pythons
  7 bats
  7 endoplasms
  3 giant cockroaches
  3 goblins
  6 hobgoblins (D:1)
  5 kobolds
  6 quokkas (D:1)
  A frilled lizard (D:2)
  8 rats
54 creatures vanquished.

Vanquished Creatures (collateral kills)
  A kobold (D:1)
1 creature vanquished.

Vanquished Creatures (others)
  A kobold (D:3)
1 creature vanquished.

Grand Total: 56 creatures vanquished

Notes
Turn   | Place    | Note
-------+----------+-------------------------------------------
     0 | D:1      | ChrisAssaf the Human Brigand began the quest for the Orb.
     0 | D:1      | Reached XP level 1. HP: 16/16 MP: 1/1
    90 | D:1      | Found a faded altar of an unknown god.
   100 | D:1      | Reached XP level 2. HP: 22/22 MP: 2/2
   162 | D:1      | Prayed at the altar of an unknown god.
   162 | D:1      | Became a worshipper of Kikubaaqudgha
   162 | D:1      | Reached * piety under Kikubaaqudgha
   162 | D:1      | Received a gift from Kikubaaqudgha
   165 | D:1      | Learned a level 1 spell: Necrotise
   430 | D:1      | Reached XP level 3. HP: 27/27 MP: 0/3
  1571 | D:2      | Reached XP level 4. HP: 33/33 MP: 4/4
  1577 | D:2      | Learned a level 2 spell: Cigotuvi's Dreadful Rot
  1594 | D:2      | Reached ** piety under Kikubaaqudgha
  1736 | D:2      | Learned a level 1 spell: Sting
  2283 | D:3      | Found a basalt altar of Yredelemnul.
  2473 | D:3      | Reached skill level 1 in Armour
  2473 | D:3      | Reached XP level 5. HP: 19/38 MP: 0/6
  2551 | D:3      | HP: 1/39 [orc/+0 trident (2)]
  2556 | D:3      | Succumbed to an orc wizard's poison

Illustrated notes

Levels and vault maps discovered:
D:1:      minmay_arrival_split_and_join, layout_loops_ring, serial_aquarium,
          aquarium_bridge_square [aquarium_subvault_wall,
          aquarium_subvault_bridge, aquarium_subvault_balcony,
          aquarium_subvault_wall], aquarium_window_corner, aquarium_window_2,
          aquarium_window_1, aquarium_window_2, aquarium_view_2g,
          aquarium_pool_1, chequers_ecumenical_altar_simple
D:2:      layout_loops_ring, chequers_serial_rivers_room_a, grunt_ministairs_1
D:3:      layout_basic, old_standard_altar, general_overflow_altar,
          mainiacjoe_overflow_tiny_flanked, corexii_item_surrounded_by_moat,
          nrook_mini_vaults, dk_noncrumbling_3

Skill      XL: |  1  2  3  4 |
---------------+-------------+-----
Armour         | 1 |  1.0
Fighting       | |  2.3
Short Blades   | |  2.3
Throwing       | |  2.2
Dodging        | |  1.5
Stealth        | |  4.7
Spellcasting   | |  0.9
Necromancy     | |  0.9
Air Magic      | |  0.3
Poison Magic   | |  0.5

Action                     |  1- 3 |  4- 6 || total
---------------------------+-------+-------++-------
  Melee: Dagger            |    97 |    20 ||   117
  Throw: Dart              |     2 |       ||     2
   Cast: Necrotise         |    15 |     9 ||    24
         Sting             |       |    15 ||    15
 Invoke: Unearth Wretches  |       |     1 ||     1
    Use: Scroll            |     2 |     2 ||     4
         Potion            |       |     1 ||     1
   Stab: Sleeping          |    10 |     4 ||    14
         Paralysed         |       |     1 ||     1
 Armour: Robe              |    21 |     7 ||    28
  Dodge: Dodged            |    49 |    26 ||    75
